 Dungeon Crawl Stone Soup version 0.31.0-9-g3a7656b989 (webtiles) character file.

Game seed: 4447273530269789433

39 qw the Shooter (level 3, -3/20 HPs)
             Began as a Deep Elf Hunter on Feb 2, 2024.
             Slain by a cerulean imp
             ... wielding a +2 spear
             ... summoned by Natasha
              (5 damage)
             ... on level 2 of the Dungeon.
             The game lasted 00:00:03 (1090 turns).

qw the Shooter (Deep Elf Hunter)                    Turns: 1090, Time: 00:00:03

Health: -3/20      AC:  4    Str: 10    XL:     3   Next: 28%
Magic:  5/5        EV: 13    Int: 13    God:
Gold:   120        SH:  0    Dex: 24    Spells: 2/2 levels left

rFire   . . .        a - +0 shortbow
rCold   . . .        (shield currently unavailable)
rNeg    + . .        h - +1 leather armour {rN+}
rPois   .            (no helmet)
rElec   .            (no cloak)
rCorr   .            (no gloves)
SInv    .            (no boots)
Will    .....        (no amulet)
Stlth   ++           j - +6 ring of dexterity
HPRegen 0.23/turn    (no ring)
MPRegen 0.09/turn

%: no passive effects
@: hasted and slowed
A: no striking features
a: no special abilities


You were on level 2 of the Dungeon.
You visited 1 branch of the dungeon, and saw 2 of its levels.

You collected 120 gold pieces.


   Skills:
 - Level 1.5 Fighting
 + Level 6.9 Ranged Weapons
 - Level 2.4 Dodging
 - Level 1.2 Stealth


You had 2 spell levels left.
You didn't know any spells.
Your spell library was empty.

Inventory:

Hand Weapons
 a - a +0 shortbow (weapon)
Armour
 h - a +1 leather armour of positive energy (worn)
Jewellery
 j - a +6 ring of dexterity (left hand)
Scrolls
 b - a scroll of vulnerability {unknown}
Potions
 c - a potion of degeneration {unknown}
 g - a potion of curing

Dungeon Overview and Level Annotations

Branches:
Dungeon (2/15)

Altars:

Annotations:
D:2 Natasha


Message History

You shoot an arrow.
Natasha hisses angrily.
The arrow hits the dart slug!
You kill the dart slug!
You shoot an arrow. The arrow hits Natasha!
Natasha is heavily wounded.
A frilled lizard comes into view.
You shoot an arrow. The arrow barely misses Natasha.
The frilled lizard hisses angrily.
The arrow hits the frilled lizard but does no damage.
The frilled lizard hisses.
You shoot an arrow. The arrow barely misses Natasha.
Natasha barely misses you.
You shoot an arrow. The arrow barely misses Natasha.
Natasha claws you.
You shoot an arrow. The arrow closely misses Natasha.
Natasha claws you but does no damage.
You shoot an arrow. The arrow misses Natasha.
The arrow barely misses the frilled lizard.
Natasha claws you!
You shoot an arrow.
The arrow hits Natasha but does no damage.
Natasha is heavily wounded.
Natasha casts a spell.
The frilled lizard misses you.
You shoot an arrow. The arrow hits Natasha.
Natasha is severely wounded.
Natasha barely misses you. The frilled lizard barely misses you.
The cerulean imp hits you with a +2 spear.
You shoot an arrow. The arrow barely misses Natasha.
Natasha stares at you and mumbles some strange words.
You feel yourself slow down. The frilled lizard barely misses you.
The cerulean imp barely misses you. Natasha closely misses you.
1089 ||| DRINKING potion of haste.
You feel yourself speed up.
The frilled lizard bites you but does no damage.
The cerulean imp hits you with a +2 spear.
Natasha claws you. The frilled lizard barely misses you.
You shoot an arrow. The arrow closely misses Natasha.
The cerulean imp hits you with a +2 spear.
You die...

###.............# #.#......#
#.............# ###......####
#.............### #..........
#...............###########.###
#############.........#.....#
#.........#.....#
#.........+.....###
#.........#.....)..
#.@.......#.......#
#5hl......#.....#.)
#.........#.....###
#...:.....####### # %........!
#### ........... .....
........... ..... ............
..... .....


You could see Natasha, a cerulean imp (summoned) and a frilled lizard.

Vanquished Creatures
  A dart slug (D:2)
  2 orcs (D:2)
  5 bats
  2 endoplasms (D:1)
  A giant cockroach (D:1)
  4 goblins
  4 hobgoblins
  2 quokkas
  3 ball pythons
  A frilled lizard (D:1)
  2 kobolds
  4 rats
31 creatures vanquished.

Notes
Turn   | Place    | Note
-------+----------+-------------------------------------------
     0 | D:1      | qw the Deep Elf Hunter began the quest for the Orb.
     0 | D:1      | Reached XP level 1. HP: 12/12 MP: 3/3
     0 | D:1      | 0 ||| qw: Version: 0.3-a-155-g5e7d8dd
     0 | D:1      | 0 ||| qw: Game counter: 1007
     0 | D:1      | 0 ||| qw: Melee chars always use a shield: true
     0 | D:1      | 0 ||| qw: God list: Okawaru
     0 | D:1      | 0 ||| qw: Allow faded altars: false
     0 | D:1      | 0 ||| qw: Do Orc after clearing Dungeon:15 true
     0 | D:1      | 0 ||| qw: Do second Lair branch before Depths: true
     0 | D:1      | 0 ||| qw: Lair rune preference: random
     0 | D:1      | 0 ||| qw: Goals: Normal
     0 | D:1      | 0 ||| PLANNING D:1-11
   348 | D:1      | Reached XP level 2. HP: 12/16 MP: 4/4
   349 | D:1      | Reached skill level 6 in Ranged Weapons
   878 | D:1      | 878 ||| UPGRADING to +1 leather armour of positive energy.
   888 | D:1      | 888 ||| DROPPING +0 leather armour.
   889 | D:1      | 889 ||| UPGRADING to +6 ring of dexterity.
   890 | D:1      | 890 ||| READING scroll labelled PAILAL SISTRYEH.
   891 | D:1      | 891 ||| READING 2 scrolls labelled XOUGEI KIPLIR.
   891 | D:1      | 891 ||| IDENTIFYING orange potion
   892 | D:1      | 892 ||| READING scroll of identify.
   892 | D:1      | 892 ||| IDENTIFYING amethyst potion
   893 | D:1      | 893 ||| READING scroll labelled ROROHO YMILOZ.
   894 | D:1      | 894 ||| DROPPING scroll of butterflies.
   977 | D:2      | Reached XP level 3. HP: 20/20 MP: 5/5
  1078 | D:2      | Noticed Natasha
  1089 | D:2      | 1089 ||| DRINKING potion of haste.
  1089 | D:2      | HP: 3/20 [cerulean imp/+2 spear[Natasha] (4)]
  1090 | D:2      | Slain by a cerulean imp

Levels and vault maps discovered:
D:1:      dpeg_arrival_arbitrary_b, layout_basic
D:2:      layout_basic, uniq_natasha

Skill      XL: |  1  2 |
---------------+-------+-----
Ranged Weapons | 6 |  6.9
Fighting       | |  1.5
Dodging        | |  2.4
Stealth        | |  1.2

Action                     || total
---------------------------++-------
   Fire: Shortbow          ||    80
    Use: Scroll            ||     4
         Potion            ||     1
 Armour: Leather armour    ||    15
  Dodge: Dodged            ||    19

Table legend:
 A = Non-vault XP
 B = Vault XP
 C = Vault XP percentage of total XP
 D = Non-vault monster count
 E = Vault monster count
 F = Vault count percentage of total count
                 A         B        C        D         E       F
            +---------+---------+-------+---------+---------+-------
      Total |      57 |       0 |   0.0 |      31 |       0 |   0.0
            +---------+---------+-------+---------+---------+-------
        D:1 |      31 |       0 |   0.0 |      18 |       0 |   0.0
        D:2 |      26 |       0 |   0.0 |      13 |       0 |   0.0
            +---------+---------+-------+---------+---------+-------
